Map: Dusk Towers

Players

MingLee - Winner!

  • Race: Protoss Protoss
  • League: Master

Miszu

  • Race: Terran Terran
  • League: Master

VOD

Have the link to the VOD?

Description

Time

  • Played on: April 19, 2016, 4:37 p.m.
  • Length: 13:08
Show
View Real Time Build Order
Export as new Build Order

MingLee Protoss - Winner!

Build Orders:  

Get SALT Encoding   

  12  0:02  Probe (Chrono Boost)  
  13  0:13  Probe (Chrono Boost)  
  14  0:17  Pylon  
  14  0:23  Probe (Chrono Boost)  
  15  0:35  Probe (Chrono Boost)  
  16  0:39  Gateway  
  16  0:46  Probe (Chrono Boost)  
  17  0:50  Assimilator  
  17  0:56  Probe (Chrono Boost)  
  18  1:00  Assimilator  
  18  1:07  Probe (Chrono Boost)  
  19  1:17  Probe (Chrono Boost)  
  20  1:28  Cybernetics Core, Probe (Chrono Boost)  
  20  1:31  Pylon  
  21  1:38  Probe (Chrono Boost)  
  22  1:49  Probe (Chrono Boost)  
  23  1:59  Probe (Chrono Boost)  
  24  2:04  Stalker  
  24  2:07  Warp Gate  
  26  2:10  Mothership Core (Chrono Boost)  
  28  2:26  Nexus  
  28  2:34  Probe (Chrono Boost)  
  28  2:48  Stalker  
  28  2:49  Probe (Chrono Boost)  
  31  2:53  Pylon  
  31  3:04  Pylon  
  31  3:08  Probe (Chrono Boost)  
  31  3:18  Probe (Chrono Boost)  
  32  3:30  Probe (Chrono Boost)  
  32  3:32  Stalker (Chrono Boost)  
  33  3:34  Robotics Facility  
  33  3:37  Twilight Council  
  33  3:39  Probe (Chrono Boost)  
  33  3:40  Probe (Chrono Boost)  
  35  3:48  Probe  
  36  3:57  Probe  
  36  3:59  Probe  
  38  4:09  Probe  
  39  4:16  Probe  
  39  4:17  Blink (Chrono Boost)  
  39  4:23  Observer, Probe  
  42  4:27  Probe  
  42  4:31  Pylon  
  43  4:41  Probe  
  43  4:42  Nexus  
  44  4:45  Immortal  
  44  4:47  Forge  
  44  4:50  Probe  
  49  4:53  Probe  
  50  5:00  Pylon  
  50  5:02  Probe  
  50  5:05  Pylon  
  50  5:06  Probe  
  52  5:09  Assimilator  
  52  5:13  Assimilator  
  52  5:16  Stalker  
  52  5:20  Probe  
  56  5:21  Probe  
  56  5:23  Observer, Pylon  
  56  5:25  Pylon  
  56  5:26  Protoss Ground Weapons Level 1 (Chrono Boost)  
  57  5:32  Probe  
  58  5:38  Probe  
  59  5:45  Probe  
  59  5:47  Gateway  
  59  5:48  Gateway  
  60  5:50  Probe  
  60  5:55  Stalker  
  63  5:58  Gateway  
  63  5:59  Probe x2  
  65  6:05  Immortal  
  65  6:07  Probe  
  70  6:13  Probe  
  70  6:15  Resonating Glaives  
  71  6:20  Gateway  
  71  6:25  Probe  
  72  6:26  Stalker  
  74  6:34  Templar Archives  
  74  6:35  Pylon  
  74  6:37  Photon Cannon  
  74  6:51  Immortal  
  74  6:52  Probe x2  
  80  6:55  Pylon  
  80  6:57  Stalker x2  
  80  6:58  Stalker  
  80  6:59  Probe  
  87  7:04  Probe x2  
  87  7:08  Adept  
  91  7:09  Probe  
  91  7:12  Gateway  
  91  7:15  Psionic Storm  
  92  7:17  Gateway, Probe x2  
  94  7:25  Probe  
  95  7:40  Forge, Observer (Chrono Boost), Pylon  
  95  7:43  Pylon x2  
  96  7:47  Adept x3  
  96  7:48  Adept  
  96  7:49  Sentry  
  96  7:51  Probe x2  
  108  7:55  Assimilator, Probe  
  109  7:59  Observer (Chrono Boost)  
  109  8:00  Assimilator  
  110  8:08  Stalker x2  
  112  8:15  Stalker x2  
  112  8:16  Probe  
  113  8:21  Photon Cannon  
  113  8:24  Pylon  
  113  8:25  High Templar, Photon Cannon  
  113  8:26  High Templar  
  117  8:29  Protoss Ground Armor Level 1 (Chrono Boost)  
  117  8:33  Charge  
  117  8:35  Zealot x3  
  123  8:53  Stalker x2  
  127  9:07  Pylon  
  127  9:08  Pylon  
  127  9:11  Warp Prism  
  129  9:19  Probe  
  129  9:21  Pylon  
  130  9:24  Pylon  
  130  9:25  Pylon, Stalker  
  130  9:26  Stalker x2  
  130  9:29  Pylon  
  130  9:31  High Templar x3  
  142  9:32  Nexus  
  142  9:44  Pylon  
  142  9:45  Photon Cannon  
  126  10:07  Stalker x3  
  126  10:08  Adept x3  
  126  10:10  Probe  
  135  10:14  Probe  
  135  10:16  Probe  
  135  10:19  Nexus  
  134  10:29  Probe  
  134  10:31  Probe  
  136  10:41  Adept x3  
  136  10:42  Adept x4  
  150  10:51  Probe  
  150  10:52  Probe  
  152  10:57  Photon Cannon  
  152  11:01  Photon Cannon  
  152  11:06  Pylon  
  152  11:15  High Templar  
  152  11:16  High Templar x5  
  164  11:19  Dark Shrine  
  164  11:21  Archon x2  
  164  11:23  Archon  
  164  11:28  Photon Cannon  
  164  11:29  Probe  
  164  11:32  Assimilator  
  165  11:37  Assimilator  
  155  11:40  Pylon  
  155  11:45  High Templar  
  154  11:48  High Templar  
  154  11:51  Stalker x2  
  159  11:58  Zealot x2  
  159  11:59  Zealot  
  157  12:03  Archon  
  128  12:24  Zealot  
  128  12:25  Zealot x3  
  128  12:27  Cybernetics Core  
  122  12:46  Zealot x4  
  126  13:04  Archon  
Show
View Real Time Build Order
Export as new Build Order

Miszu Terran 

Build Orders: Reaper Expand, MMM Bio 

Get SALT Encoding   

  12  0:00  SCV  
  13  0:12  SCV  
  14  0:19  Supply Depot  
  14  0:25  SCV  
  15  0:40  SCV  
  16  0:43  Barracks  
  16  0:46  Refinery  
  16  0:52  SCV  
  17  1:04  SCV  
  18  1:16  SCV  
  19  1:31  Reaper, Orbital Command  
  20  1:57  Command Center  
  20  1:58  Engineering Bay  
  20  1:59  SCV  
  21  2:04  Barracks Reactor  
  21  2:12  SCV  
  21  2:13  Supply Depot  
  22  2:27  SCV  
  23  2:30  Factory  
  23  2:41  Marine x2  
  23  2:42  SCV  
  26  2:55  Supply Depot, SCV  
  27  2:59  Marine x2, Barracks  
  29  3:07  SCV  
  29  3:12  SCV  
  31  3:16  Factory Tech Lab  
  31  3:17  Marine x2  
  31  3:19  SCV  
  34  3:31  SCV  
  34  3:34  Marine, Cyclone  
  34  3:36  SCV  
  38  3:42  Barracks  
  38  3:48  Refinery  
  38  3:50  Orbital Command  
  38  3:52  SCV  
  38  3:56  Barracks Tech Lab  
  38  4:00  Marine x2  
  40  4:04  SCV  
  41  4:16  SCV  
  42  4:21  SCV  
  42  4:24  Marine x2  
  42  4:25  Stimpack  
  42  4:26  Factory Reactor  
  42  4:28  SCV  
  45  4:33  SCV  
  45  4:35  Refinery  
  45  4:36  Engineering Bay  
  46  4:39  Marine  
  46  4:40  SCV  
  46  4:42  Marine  
  46  4:43  Marine  
  52  4:45  SCV  
  52  4:47  Starport  
  52  4:52  SCV  
  52  4:53  Supply Depot  
  52  4:57  Marine, SCV  
  54  5:02  Terran Infantry Weapons Level 1  
  54  5:11  Supply Depot  
  54  5:14  Marine x3  
  54  5:15  Marine, SCV, Combat Shields  
  54  5:16  SCV  
  54  5:21  Factory Reactor  
  60  5:27  SCV  
  61  5:28  SCV  
  61  5:30  Barracks  
  61  5:34  Barracks  
  62  5:39  SCV  
  62  5:40  Supply Depot  
  62  5:41  SCV  
  66  5:43  Medivac  
  66  5:44  Medivac  
  66  5:46  Supply Depot  
  68  5:51  SCV  
  68  5:53  SCV  
  70  5:58  Refinery  
  70  6:01  Marine x2  
  70  6:02  Marauder x2  
  70  6:03  Supply Depot, SCV  
  77  6:07  Widow Mine  
  77  6:08  Widow Mine  
  77  6:11  SCV  
  82  6:13  Medivac  
  82  6:15  SCV  
  86  6:27  Barracks Reactor, SCV  
  86  6:28  Barracks Tech Lab  
  86  6:29  Marine x3  
  86  6:30  Marauder  
  92  6:33  Supply Depot  
  92  6:36  Supply Depot  
  92  6:39  Command Center  
  91  6:42  Medivac  
  91  6:46  Marine  
  94  6:55  Medivac  
  94  6:58  Marine x2, Marauder  
  94  6:59  Marauder  
  101  7:01  Supply Depot  
  101  7:04  Terran Infantry Armor Level 1  
  101  7:05  Supply Depot x2, Marine  
  101  7:06  Marine  
  103  7:09  Marauder  
  103  7:11  Concussive Shells  
  103  7:15  Medivac  
  107  7:16  Marine x2  
  107  7:21  Marine  
  110  7:23  Marine, Marauder, Widow Mine  
  110  7:24  Widow Mine  
  117  7:33  Supply Depot  
  117  7:43  Marine, SCV x2  
  117  7:44  Marine x4, Marauder  
  126  7:53  Marauder, SCV  
  126  7:55  SCV  
  130  8:05  Marauder  
  132  8:08  Marauder  
  132  8:09  Marine x4  
  132  8:11  Widow Mine x2  
  130  8:14  Marauder  
  124  8:22  Orbital Command  
  124  8:26  Marine  
  124  8:27  Engineering Bay, Marauder  
  127  8:28  Armory  
  127  8:31  Medivac  
  127  8:32  Medivac  
  131  8:41  Marine x4, Marauder  
  134  8:48  Marauder  
  138  8:52  Marine  
  143  8:56  Liberator  
  143  8:57  Liberator  
  143  8:59  Marine  
  143  9:00  Marauder  
  138  9:03  Marauder  
  138  9:04  Marine  
  138  9:09  Marauder  
  143  9:19  Terran Infantry Weapons Level 2  
  143  9:20  Terran Infantry Armor Level 2  
  143  9:21  Marauder  
  146  9:24  Marauder  
  146  9:29  SCV  
  147  9:31  Marine, Marauder  
  147  9:32  Marine x3  
  147  9:33  Widow Mine  
  148  9:42  Marine  
  147  9:47  Marauder  
  147  9:49  Marine  
  150  9:53  Marauder  
  145  10:01  Medivac, Marauder, Widow Mine  
  145  10:02  Widow Mine  
  149  10:08  Marine x2, Marauder  
  149  10:09  Marine x2  
  149  10:14  Marine  
  150  10:19  Medivac  
  149  10:22  Starport, Marine  
  149  10:24  Fusion Core  
  149  10:26  Marine x3  
  147  10:30  Marauder  
  147  10:32  Medivac, Marauder  
  153  10:38  Refinery x2, SCV x2  
  147  10:49  Marauder  
  149  11:03  Starport Tech Lab  
  149  11:07  Marine, Marauder  
  149  11:08  Marine x4  
  149  11:10  Marine  
  157  11:11  Command Center  
  157  11:24  Liberator  
  157  11:31  Marauder  
  157  11:34  SCV  
  157  11:35  Marauder  
  157  11:37  Marauder  
  156  11:44  Marine x2  
  157  11:47  Marine  
  157  11:57  Marine  
  157  12:08  Supply Depot, Marauder, Widow Mine x2  
  158  12:09  Marauder x2  
  158  12:10  Supply Depot x2  
  158  12:11  Supply Depot  
  161  12:31  Marauder x2  
Tags
 
Add a new tag
Caveats
  • Supply blocks, unpowered buildings, or Contaminate may cause inaccurate times.
  • Supply counts are checked every 10 seconds.